 Dungeon Crawl Stone Soup version 0.17-a0-2069-g0f4ee5b (webtiles) character file.

331 4thArraOfDagon the Chopper (level 6, -4/38 HPs)
             Began as a Tengu Gladiator on Oct 13, 2015.
             Was an Initiate of Cheibriados.
             Slain by a hippogriff (7 damage)
             ... on level 7 of the Dungeon.
             The game lasted 00:04:13 (719 turns).

4thArraOfDagon the Chopper (Tengu Gladiator)         Turns: 719, Time: 00:04:14

Health: -4/38      AC:  8    Str: 16    XL:     6   Next: 51%
Magic:  7/7        EV: 16    Int: 11    God:    Cheibriados [......]
Gold:   59         SH:  0    Dex: 16    Spells: 0 memorised, 5 levels left

rFire  . . .     SeeInvis .     a - +0 war axe
rCold  . . .     Clarity  .     o - +0 ring mail
rNeg   . . .     SustAt   +     (no shield)
rPois  .         Gourm    .     c - +0 hat
rElec  .         Spirit   .     (no cloak)
rCorr  .         Warding  .     k - +2 pair of gloves
rMut   .         Stasis   .     (boots unavailable)
MR     .....                    (no amulet)
Stlth  +.........               (no ring)
                                f - ring of sustain attributes

@: flying quickly and evasively, slow, not resistant to hostile enchantments,
very unstealthy
A: beak, talons 3, able to fly 1
a: Bend Time, Renounce Religion


You were on level 7 of the Dungeon.
You worshipped Cheibriados.
Cheibriados was noncommittal.
You were not hungry.

You visited 1 branch of the dungeon, and saw 7 of its levels.

You collected 59 gold pieces.

Inventory:

Hand Weapons
 a - a +0 war axe (weapon)
 p - the +1 morningstar "Pohin" {speed, rElec rPois Str-2 Dex+2}
   (You found it on level 6 of the Dungeon)

   Attacks with this weapon are significantly faster.
   It affects your strength (-2).
   It affects your dexterity (+2).
   It insulates you from electricity.
   It protects you from poison.
   Cheibriados disapproves of the use of such an item.
Armour
 c - a +0 hat (worn)
 k - a +2 pair of gloves (worn)
 o - a +0 ring mail (worn)
Jewellery
 f - a ring of sustain attributes (left hand)
Scrolls
 m - a scroll of identify
Comestibles
 b - a meat ration
 e - a bread ration


   Skills:
 + Level 3.7 Fighting
 * Level 5.9 Axes
 - Level 2.0 Throwing
 + Level 4.8 Dodging


You had 5 spell levels left.
You didn't know any spells.

Dungeon Overview and Level Annotations

Branches:
Dungeon (7/15)             Temple (0/1) D:6

Altars:
Cheibriados


Innate Abilities, Weirdness & Mutations

You have a beak for a mouth.
You have claws for feet.
You can fly.


Message History

Unknown command.
You completely miss the hippogriff. You peck the hippogriff.
The hippogriff is moderately wounded.
The hippogriff completely misses you. The hippogriff pecks you.
* * * LOW HITPOINT WARNING * * *
The hippogriff closely misses you.
Unknown command.
You hit the hippogriff. Your kick misses the hippogriff.
The hippogriff is moderately wounded.
The hippogriff closely misses you. The hippogriff misses you.
The hippogriff claws you!
* * * LOW HITPOINT WARNING * * *
The hippogriff misses you.
The hippogriff pecks you but does no damage.
The hippogriff claws you.
* * * LOW HITPOINT WARNING * * *
You hit the hippogriff.
The hippogriff is heavily wounded.
The hippogriff bites you!
You die...

...........
.........
........
...... #....
... #.# #H##
##@## #..# ###
##.###.##
#......###
##.......##
#........##
#.........##.
##...........#
#....(.......#


You could see a hippogriff.

Vanquished Creatures
  Menkaure (D:6)
  An ogre (D:4)
  A crimson imp (D:6)
  An orc wizard (D:3)
  2 worker ants
  An adder (D:2)
  An adder zombie (D:6)
  2 worms
  2 orcs (D:3)
  A giant cockroach (D:3)
  A hobgoblin (D:3)
  2 jackals (D:3)
  A giant cockroach zombie (D:6)
  A giant newt (D:4)
  A goblin (D:3)
  A kobold (D:3)
20 creatures vanquished.

Notes
Turn   | Place    | Note
--------------------------------------------------------------
     0 | D:1      | 4thArraOfDagon the Tengu Gladiator began the quest for the Orb.
     0 | D:1      | Reached XP level 1. HP: 12/12 MP: 2/2
   104 | D:4      | Noticed an ogre
   112 | D:4      | Killed an ogre
   112 | D:4      | Reached skill level 4 in Axes
   112 | D:4      | Reached XP level 2. HP: 13/18 MP: 3/3
   112 | D:4      | Reached XP level 3. HP: 15/22 MP: 4/4
   112 | D:4      | Reached XP level 4. HP: 18/27 MP: 5/5
   136 | D:4      | Noticed an orc wizard
   137 | D:4      | Noticed an orc priest
   142 | D:3      | Killed an orc wizard
   194 | D:3      | Found a snail-covered altar of Cheibriados.
   202 | D:3      | Gained mutation: You can fly. [Tengu growth]
   202 | D:3      | Reached XP level 5. HP: 6/32 MP: 6/6
   208 | D:3      | Became a worshipper of Cheibriados the Contemplative
   547 | D:5      | Entered Level 5 of the Dungeon
   572 | D:5      | Reached skill level 5 in Axes
   595 | D:6      | Found a staircase to the Ecumenical Temple.
   596 | D:6      | Got a steaming morningstar
   597 | D:6      | Identified the cursed +1 morningstar "Pohin" {speed, rElec rPois Str-2 Dex+2} (You found it on level 6 of the Dungeon)
   623 | D:7      | Noticed a hill giant
   643 | D:6      | Noticed Menkaure
   653 | D:6      | Killed Menkaure
   653 | D:6      | Reached XP level 6. HP: 19/37 MP: 3/7
   680 | D:6      | 50/50 on RIP
   708 | D:7      | Noticed a hippogriff
   719 | D:7      | Slain by a hippogriff

Vault maps used:
D:1:      lemuel_arrival_hallway
D:2:      minmay_overflow_temple_star_quad, hangedman_abyss_or_decor_stabs,
          serial_bayou_ford_a, uniq_sigmund
D:3:      lemuel_crystal_altar, nicolae_overflow_crystal_walls,
          lemuel_round_altar, minitemple, first_bread
D:4:      serial_park_tiny_1
D:5:      nicolae_ru_sacrificial_ziggurat
D:6:      minmay_temple_entry_large_hall, uniq_menkaure
D:7:      minmay_misc_feat_plants, grunt_ministairs_7

Action                   |  1- 3 |  4- 6 || total
-------------------------+-------+-------++-------
Melee: War axe           |    15 |    63 ||    78
Throw: Throwing net      |     2 |     7 ||     9
 Abil: Fly               |       |     3 ||     3
  Use: Scroll            |       |     8 ||     8
       Potion            |       |     2 ||     2
 Stab: Held in net/web   |     1 |     2 ||     3
